TOP OF THE 1ST |
Idaho Falls Spuds batting - Pitching for Magic Valley Magicians : RHP Bill Boddy
|
Pitching: RHP Bill Boddy
|
|
Batting: RHB Ken Williams
|
0-0: Ball 1-0: Ball 2-0: SINGLE (Flyball, 56D, EV 92.5 MPH)
|
Batting: RHB Tony Porras
|
0-0: Called Strike 0-1: SINGLE (Groundball, 6D, EV 95.6 MPH) Ken Williams to second
|
Batting: LHB Tom Francis
|
0-0: Ball 1-0: Ball 2-0: Ball 3-0: Base on Balls Ken Williams to third Tony Porras to second
|
Batting: RHB Billie Merrifield
|
0-0: Ball 1-0: Called Strike 1-1: Swinging Strike 1-2: Foul Ball, location: 2F 1-2: Fly out, F5 (Line Drive, 5, EV 60.0 MPH)
|
Batting: RHB Jeffry Dinkel
|
0-0: Foul Ball, location: 2F 0-1: Fly out, F7 (Flyball, 7LM, EV 90.0 MPH) Runner from 3rd tags up, SCORES, no throw by LF
|
Batting: RHB John Thornton
|
0-0: Ball 1-0: Ball 2-0: Ball 3-0: Base on Balls Tony Porras to third Tom Francis to second
|
Batting: LHB Jeffrey Greene
|
0-0: Fly out, F8 (Flyball, 8LM, EV 94.4 MPH)
|
Top of the 1st over - 1 run, 2 hits, 0 errors, 3 left on base; Idaho Falls 1 - Magic Valley 0 |
BOTTOM OF THE 1ST |
Magic Valley Magicians batting - Pitching for Idaho Falls Spuds : RHP Donald Hughes
|
Pitching: RHP Donald Hughes
|
|
Batting: RHB Willie Lozado
|
0-0: Foul Ball, location: 2F 0-1: Foul Ball, location: 2F 0-2: Ball 1-2: Fly out, F6 (Line Drive, 6, EV 70.6 MPH)
|
Batting: RHB Marlin McPhail
|
0-0: Called Strike 0-1: Ball 1-1: Foul Ball, location: 2F 1-2: Strikes out swinging
|
Batting: RHB Matt Cimo
|
0-0: Ball 1-0: Ball 2-0: SOLO HOME RUN (Flyball, 89XD, EV 99.4 MPH), Distance : 399 ft
|
Batting: RHB Jason Felice
|
0-0: Ball 1-0: Ball 2-0: Swinging Strike 2-1: Fly out, F7 (Line Drive, 7, EV 103.1 MPH)
|
Bottom of the 1st over - 1 run, 1 hit, 0 errors, 0 left on base; Idaho Falls 1 - Magic Valley 1 |
TOP OF THE 2ND |
Idaho Falls Spuds batting - Pitching for Magic Valley Magicians : RHP Bill Boddy
|
Batting: RHB Brian Dorsett
|
0-0: SINGLE (Line Drive, 6MD, EV 96.3 MPH)
|
Batting: RHB Juan Barajas
|
0-0: Grounds into double play, 6-4-3 (Groundball, 56, EV 90.0 MPH)
|
Batting: RHB Ken Williams
|
0-0: Called Strike 0-1: Swinging Strike 0-2: Ground out 6-3 (Groundball, 6M, EV 108.8 MPH)
|
Top of the 2nd over - 0 runs, 1 hit, 0 errors, 0 left on base; Idaho Falls 1 - Magic Valley 1 |
BOTTOM OF THE 2ND |
Magic Valley Magicians batting - Pitching for Idaho Falls Spuds : RHP Donald Hughes
|
Batting: RHB Terry Steinbach
|
0-0: Ball 1-0: Ball 2-0: Ball 3-0: Base on Balls
|
Batting: RHB Kevin Ward
|
0-0: Ball 1-0: Ball 2-0: Called Strike 2-1: Swinging Strike 2-2: Ball 3-2: Strikes out looking
|
Batting: RHB Hank Landers
|
0-0: Ball 1-0: Called Strike 1-1: Called Strike 1-2: Ball 2-2: Foul Ball, location: 2F 2-2: Foul Ball, location: 2F 2-2: Fly out, F8 (Flyball, 89D, EV 101.3 MPH)
|
Batting: RHB Terry Edwards
|
0-0: Foul Ball, location: 2F 0-1: Called Strike 0-2: Fly out, F9 (Flyball, 9LM, EV 86.9 MPH)
|
Bottom of the 2nd over - 0 runs, 0 hits, 0 errors, 1 left on base; Idaho Falls 1 - Magic Valley 1 |
TOP OF THE 3RD |
Idaho Falls Spuds batting - Pitching for Magic Valley Magicians : RHP Bill Boddy
|
Batting: RHB Tony Porras
|
0-0: Ball 1-0: Ball 2-0: Called Strike 2-1: Ball 3-1: Base on Balls
|
Batting: LHB Tom Francis
|
0-0: Foul Ball, location: 2F 0-1: Ball 1-1: Ball 2-1: DOUBLE (Line Drive, 7LS, EV 94.4 MPH) Tony Porras to third
|
Batting: RHB Billie Merrifield
|
0-0: Swinging Strike 0-1: Ball 1-1: Fly out, F7 (Line Drive, 7S, EV 101.9 MPH)
|
Batting: RHB Jeffry Dinkel
|
0-0: SINGLE (Line Drive, 6MD, EV 108.8 MPH) Tony Porras scores Tom Francis to third Runner from 3rd tries for Home, throw by CF and OUT! 8-2
|
Batting: RHB John Thornton
|
0-0: Foul Ball, location: 2F 0-1: Foul Ball, location: 2F 0-2: Ball Wild Pitch! Jeffry Dinkel to second 1-2: Reached on error, E1 (Groundball, 13S, EV 69.4 MPH) Jeffry Dinkel scores
|
Batting: LHB Jeffrey Greene
|
0-0: Ball 1-0: SINGLE (Groundball, 34D, EV 107.5 MPH) John Thornton to third Runner from 3rd tries for Home, SAFE, throw by RF to home
|
Batting: RHB Brian Dorsett
|
0-0: Foul Ball, location: 2F 0-1: Ball 1-1: Ball 2-1: Called Strike 2-2: Foul Ball, location: 2F 2-2: Ball Wild Pitch! Jeffrey Greene to second 3-2: Base on Balls
|
Batting: RHB Juan Barajas
|
0-0: Called Strike 0-1: Called Strike 0-2: Ball 1-2: Fly out, F9 (Flyball, 89D, EV 88.8 MPH)
|
Top of the 3rd over - 3 runs, 3 hits, 1 error, 2 left on base; Idaho Falls 4 - Magic Valley 1 |
BOTTOM OF THE 3RD |
Magic Valley Magicians batting - Pitching for Idaho Falls Spuds : RHP Donald Hughes
|
Batting: RHB Kenny Houp
|
0-0: Foul Ball, location: 2F 0-1: Called Strike 0-2: Ground out U3 (Groundball, 34S, EV 82.5 MPH)
|
Batting: RHB Willie Lozado
|
0-0: Called Strike 0-1: Fly out, F8 (Flyball, 8RD, EV 101.3 MPH)
|
Batting: RHB Marlin McPhail
|
0-0: SINGLE (Groundball, 34D, EV 102.5 MPH)
|
Batting: RHB Matt Cimo
|
0-0: Called Strike 0-1: Foul Ball, location: 2F 0-2: Ball 1-2: Ground out 5-3 (Groundball, 56S, EV 71.3 MPH)
|
Bottom of the 3rd over - 0 runs, 1 hit, 0 errors, 1 left on base; Idaho Falls 4 - Magic Valley 1 |
TOP OF THE 4TH |
Idaho Falls Spuds batting - Pitching for Magic Valley Magicians : RHP Bill Boddy
|
Batting: RHB Ken Williams
|
0-0: Ball 1-0: Called Strike 1-1: Fly out, F8 (Line Drive, 8RD, EV 95.0 MPH)
|
Batting: RHB Tony Porras
|
0-0: Called Strike 0-1: Ball 1-1: SINGLE (Groundball, 56D, EV 102.5 MPH)
|
Pitching: RHP Larry Beardman
|
|
Batting: LHB Tom Francis
|
0-0: Swinging Strike 0-1: Grounds into double play, 6-4-3 (Groundball, 6, EV 100.0 MPH)
|
Top of the 4th over - 0 runs, 1 hit, 0 errors, 0 left on base; Idaho Falls 4 - Magic Valley 1 |
BOTTOM OF THE 4TH |
Magic Valley Magicians batting - Pitching for Idaho Falls Spuds : RHP Donald Hughes
|
Batting: RHB Jason Felice
|
0-0: Called Strike 0-1: Swinging Strike 0-2: Ball 1-2: Strikes out looking
|
Batting: RHB Terry Steinbach
|
0-0: Ball 1-0: Called Strike 1-1: Called Strike 1-2: Ball 2-2: Ball 3-2: Fly out, F7 (Flyball, 7D, EV 99.4 MPH)
|
Batting: RHB Kevin Ward
|
0-0: Ball 1-0: Ball 2-0: Ball 3-0: Base on Balls
|
Batting: RHB Hank Landers
|
0-0: Ball 1-0: Foul Ball, location: 2F 1-1: Fielders Choice at 2nd, 5-4 (Groundball, 56, EV 83.8 MPH)
|
Bottom of the 4th over - 0 runs, 0 hits, 0 errors, 1 left on base; Idaho Falls 4 - Magic Valley 1 |
TOP OF THE 5TH |
Idaho Falls Spuds batting - Pitching for Magic Valley Magicians : RHP Larry Beardman
|
Batting: RHB Billie Merrifield
|
0-0: Called Strike 0-1: Ball 1-1: Ground out 5-3 (Groundball, 56S, EV 80.0 MPH)
|
Batting: RHB Jeffry Dinkel
|
0-0: SINGLE (Groundball, 56D, EV 106.3 MPH)
|
Batting: RHB John Thornton
|
0-0: Ball 1-0: Ball 2-0: Ball 3-0: Base on Balls Jeffry Dinkel to second
|
Batting: LHB Jeffrey Greene
|
0-0: Called Strike 0-1: Fly out, F8 (Flyball, 8RM, EV 86.9 MPH) Runner from 2nd tags up, SAFE at 3rd with throw by CF
|
Batting: RHB Brian Dorsett
|
0-0: Ball 1-0: Ball 2-0: DOUBLE (Flyball, 8LXD, EV 106.3 MPH) Jeffry Dinkel scores John Thornton to third Runner from 3rd tries for Home, SAFE, no throw by CF
|
Batting: RHB Juan Barajas
|
0-0: Called Strike 0-1: Fly out, F8 (Line Drive, 8LD, EV 85.0 MPH)
|
Top of the 5th over - 2 runs, 2 hits, 0 errors, 1 left on base; Idaho Falls 6 - Magic Valley 1 |
BOTTOM OF THE 5TH |
Magic Valley Magicians batting - Pitching for Idaho Falls Spuds : RHP Donald Hughes
|
Batting: RHB Terry Edwards
|
0-0: Foul Ball, location: 2F 0-1: Foul Ball, location: 2F 0-2: Ball 1-2: Fly out, F9 (Flyball, 9, EV 91.3 MPH)
|
Batting: RHB Kenny Houp
|
0-0: Called Strike 0-1: Ball 1-1: SINGLE (Groundball, 6MD, EV 96.3 MPH)
|
Batting: RHB Willie Lozado
|
0-0: Ball 1-0: Ball 2-0: Called Strike 2-1: Called Strike 2-2: Grounds into double play, 5-4-3 (Groundball, 56S, EV 80.0 MPH)
|
Bottom of the 5th over - 0 runs, 1 hit, 0 errors, 0 left on base; Idaho Falls 6 - Magic Valley 1 |
TOP OF THE 6TH |
Idaho Falls Spuds batting - Pitching for Magic Valley Magicians : RHP Larry Beardman
|
Batting: RHB Ken Williams
|
0-0: Ball 1-0: Ground out 4-3 (Groundball, 34D, EV 106.3 MPH)
|
Batting: RHB Tony Porras
|
0-0: Foul Ball, location: 2F 0-1: Swinging Strike 0-2: Ball 1-2: Foul Ball, location: 2F 1-2: Reached on error, E8 (Flyball, 8LD, EV 97.5 MPH)
|
Batting: LHB Tom Francis
|
0-0: Called Strike 0-1: Called Strike 0-2: Fielders Choice at 2nd, U6 (Groundball, 4M, EV 82.5 MPH)
|
Batting: RHB Billie Merrifield
|
0-0: Ball 1-0: Ball 2-0: Ball 3-0: Called Strike 3-1: SINGLE (Flyball, 56D, EV 87.5 MPH) Tom Francis to second
|
Batting: RHB Jeffry Dinkel
|
0-0: Ball Wild Pitch! Tom Francis to third Billie Merrifield to second 1-0: Ball 2-0: Ball 3-0: Foul Ball, location: 2F 3-1: Foul Ball, location: 2F 3-2: Foul Ball, location: 2F 3-2: Foul Ball, location: 2F 3-2: Base on Balls
|
Batting: RHB John Thornton
|
Balk! Tom Francis scores Billie Merrifield to third Jeffry Dinkel to second 0-0: Ball 1-0: Foul Ball, location: 2F 1-1: Called Strike 1-2: SINGLE (Line Drive, 89S, EV 88.8 MPH) Billie Merrifield scores Jeffry Dinkel to third Runner from 3rd tries for Home, SAFE, throw by RF to home John Thornton to second
|
Batting: LHB Jeffrey Greene
|
0-0: Called Strike Balk! John Thornton to third 0-1: Ball 1-1: Ball 2-1: SINGLE (Groundball, 34D, EV 98.1 MPH) John Thornton scores
|
Batting: RHB Brian Dorsett
|
0-0: Called Strike 0-1: Ball 1-1: Foul Ball, location: 2F 1-2: Foul Ball, location: 2F 1-2: Ball 2-2: Ball 3-2: Foul Ball, location: 2F 3-2: Base on Balls Jeffrey Greene to second
|
Batting: RHB Juan Barajas
|
0-0: DOUBLE (Line Drive, 89D, EV 102.5 MPH) Jeffrey Greene scores Brian Dorsett to third Runner from 3rd tries for Home, SAFE, throw by RF to home
|
Pitching: LHP Terrence Nocera
|
|
Batting: RHB Ken Williams
|
0-0: Ground out 5-3 (Groundball, 56, EV 83.1 MPH)
|
Top of the 6th over - 6 runs, 4 hits, 1 error, 1 left on base; Idaho Falls 12 - Magic Valley 1 |
BOTTOM OF THE 6TH |
Magic Valley Magicians batting - Pitching for Idaho Falls Spuds : RHP Donald Hughes
|
Batting: RHB Marlin McPhail
|
0-0: Called Strike 0-1: DOUBLE (Flyball, 89D, EV 88.8 MPH)
|
Batting: RHB Matt Cimo
|
0-0: Foul Ball, location: 2F 0-1: Called Strike 0-2: Ball 1-2: Ground out 6-3 (Groundball, 6, EV 96.9 MPH)
|
Batting: RHB Jason Felice
|
0-0: Fly out, F8 (Line Drive, 8LM, EV 104.4 MPH)
|
Pitching: LHP Mark Roberts
|
|
Batting: RHB Terry Steinbach
|
0-0: Called Strike 0-1: Ball 1-1: Foul Ball, location: 2F 1-2: Ground out 5-3 (Groundball, 56S, EV 84.4 MPH)
|
Bottom of the 6th over - 0 runs, 1 hit, 0 errors, 1 left on base; Idaho Falls 12 - Magic Valley 1 |
TOP OF THE 7TH |
Idaho Falls Spuds batting - Pitching for Magic Valley Magicians : LHP Terrence Nocera
|
Pinch Hitting: RHB Shawn Barton
|
0-0: Ball 1-0: Called Strike 1-1: Fly out, F9 (Flyball, 89D, EV 92.5 MPH)
|
Pinch Hitting: LHB Culpepper Smith
|
0-0: Ball 1-0: Ball 2-0: Foul Ball, location: 2F 2-1: Fly out, F6 (Flyball, 56D, EV 92.5 MPH)
|
Pinch Hitting: RHB Orlando Echenique
|
0-0: Ball 1-0: Ball 2-0: Foul Ball, location: 2F 2-1: Foul Ball, location: 2F 2-2: Ball 3-2: Base on Balls
|
Pinch Hitting: RHB Anthony Gilmore
|
0-0: Fly out, F9 (Flyball, 9LS, EV 89.4 MPH)
|
Top of the 7th over - 0 runs, 0 hits, 0 errors, 1 left on base; Idaho Falls 12 - Magic Valley 1 |
BOTTOM OF THE 7TH |
Magic Valley Magicians batting - Pitching for Idaho Falls Spuds : LHP Mark Roberts
|
Now at 1B: Orlando Echenique
|
|
Now at SS: Shawn Barton
|
|
Now in LF: Jeffrey O'Dell
|
|
Now in CF: Anthony Gilmore
|
|
Batting: RHB Kevin Ward
|
0-0: Called Strike 0-1: Fly out, F8 (Flyball, 8LD, EV 82.5 MPH)
|
Batting: RHB Hank Landers
|
0-0: Ball 1-0: Ball 2-0: Ball 3-0: Called Strike 3-1: DOUBLE (Line Drive, 7LD, EV 105.0 MPH)
|
Batting: RHB Terry Edwards
|
0-0: Ground out 5-3 (Groundball, 56S, EV 83.1 MPH)
|
Batting: RHB Kenny Houp
|
0-0: Ball 1-0: Called Strike 1-1: Called Strike 1-2: Ball 2-2: Ball 3-2: Foul Ball, location: 2F 3-2: Foul Ball, location: 2F 3-2: Base on Balls
|
Batting: RHB Willie Lozado
|
0-0: Ball 1-0: Foul Ball, location: 2F 1-1: Fly out, F7 (Flyball, 7D, EV 83.8 MPH)
|
Bottom of the 7th over - 0 runs, 1 hit, 0 errors, 2 left on base; Idaho Falls 12 - Magic Valley 1 |
TOP OF THE 8TH |
Idaho Falls Spuds batting - Pitching for Magic Valley Magicians : LHP Terrence Nocera
|
Batting: RHB John Thornton
|
0-0: Ball 1-0: Foul Ball, location: 2F 1-1: Swinging Strike 1-2: Ball 2-2: Ball 3-2: Foul Ball, location: 2F 3-2: SOLO HOME RUN (Flyball, 78XD, EV 104.4 MPH), Distance : 405 ft
|
Pinch Hitting: RHB Jack Gallo
|
0-0: Ground out U3 (Groundball, 3, EV 78.8 MPH)
|
Batting: RHB Brian Dorsett
|
0-0: Ball 1-0: Ball 2-0: Called Strike 2-1: Ball 3-1: Foul Ball, location: 2F 3-2: Ground out 5-3 (Groundball, 5, EV 85.0 MPH)
|
Pinch Hitting: RHB Omar Prieto
|
0-0: Called Strike 0-1: SINGLE (Groundball, 6MD, EV 98.1 MPH)
|
Batting: RHB Ken Williams
|
0-0: Ball 1-0: Foul Ball, location: 2F 1-1: Ball 2-1: Called Strike 2-2: Ground out U3 (Groundball, 34, EV 88.1 MPH)
|
Top of the 8th over - 1 run, 2 hits, 0 errors, 1 left on base; Idaho Falls 13 - Magic Valley 1 |
BOTTOM OF THE 8TH |
Magic Valley Magicians batting - Pitching for Idaho Falls Spuds : LHP Mark Roberts
|
Now at 2B: Jack Gallo
|
|
Now at 3B: Marc Heyison
|
|
Batting: RHB Marlin McPhail
|
0-0: Ball 1-0: Ball 2-0: Called Strike 2-1: Ground out 5-3 (Groundball, 5, EV 93.1 MPH)
|
Pinch Hitting: LHB Georgie Cruz
|
0-0: Ball 1-0: Fly out, F9 (Flyball, 89D, EV 109.4 MPH)
|
Batting: RHB Jason Felice
|
0-0: Called Strike 0-1: Ball 1-1: Swinging Strike 1-2: Ball 2-2: Strikes out swinging
|
Bottom of the 8th over - 0 runs, 0 hits, 0 errors, 0 left on base; Idaho Falls 13 - Magic Valley 1 |
TOP OF THE 9TH |
Idaho Falls Spuds batting - Pitching for Magic Valley Magicians : LHP Terrence Nocera
|
Now in LF: Georgie Cruz
|
|
Pinch Hitting: RHB Kenneth Henderson
|
0-0: Ball 1-0: Fly out, F8 (Line Drive, 8RM, EV 98.1 MPH)
|
Pinch Hitting: RHB Thomas Smith
|
0-0: Called Strike 0-1: Swinging Strike 0-2: Ball 1-2: Strikes out swinging
|
Batting: RHB Orlando Echenique
|
0-0: Called Strike 0-1: Swinging Strike 0-2: Ball 1-2: Ball 2-2: Ball 3-2: Foul Ball, location: 2F 3-2: Foul Ball, location: 2F 3-2: Strikes out swinging
|
Top of the 9th over - 0 runs, 0 hits, 0 errors, 0 left on base; Idaho Falls 13 - Magic Valley 1 |
BOTTOM OF THE 9TH |
Magic Valley Magicians batting - Pitching for Idaho Falls Spuds : LHP Mark Roberts
|
Now at 2B: Kenneth Henderson
|
|
Now in LF: Thomas Smith
|
|
Batting: RHB Terry Steinbach
|
0-0: Foul Ball, location: 2F 0-1: Ball 1-1: SINGLE (Line Drive, 89S, EV 98.8 MPH)
|
Batting: RHB Kevin Ward
|
0-0: Ball 1-0: Ball 2-0: Ball 3-0: Called Strike 3-1: Base on Balls Terry Steinbach to second
|
Batting: RHB Hank Landers
|
0-0: Ball 1-0: Called Strike 1-1: Ball 2-1: Ball 3-1: Grounds into double play, 6-4-3 (Groundball, 6, EV 100.6 MPH) Terry Steinbach to third
|
Batting: RHB Terry Edwards
|
0-0: Foul Ball, location: 7LSF, Error on foul ball, E7 0-1: Ball 1-1: Foul Ball, location: 2F 1-2: Ball 2-2: Foul Ball, location: 2F 2-2: Ball 3-2: Foul Ball, location: 2F 3-2: Reached on error, E5 (Groundball, 5L, EV 90.0 MPH) Terry Steinbach scores
|
Batting: RHB Kenny Houp
|
0-0: Ball 1-0: Called Strike 1-1: Ground out 6-3 (Groundball, 4M, EV 104.4 MPH)
|
Bottom of the 9th over - 1 run, 1 hit, 2 errors, 1 left on base; Idaho Falls 13 - Magic Valley 2 |
|